 Dungeon Crawl Stone Soup version 0.27.0-1-g7a089689b8 (webtiles) character file.

Game seed: 17250592334827186879

4781 Spectrina the Thaumaturge (level 10, -9/60 HPs)
             Began as a Djinni Necromancer on Aug 17, 2021.
             Was a Follower of Uskayaw.
             Mangled by a wyvern (14 damage)
             ... on level 2 of the Lair of Beasts.
             The game lasted 01:12:38 (4606 turns).

Spectrina the Thaumaturge (Djinni Necromancer)      Turns: 4606, Time: 01:12:38

Health: -9/60      AC:  3    Str:  7    XL:     10   Next: 75%
Gold:   396        EV: 12    Int: 27    God:    Uskayaw [*.....] SH:  0 Dex: 13

rFire    + . .     SeeInvis .   b - +0 hunting sling (vorpal)
rCold    . . .     Faith    .   (no shield)
rNeg     . . .     Spirit   .   e - +0 robe
rPois    ∞         Reflect  .   (no helmet)
rElec    .         Harm     .   (no cloak)
rCorr    .         Rampage  .   h - +0 pair of gloves
Will     +....                  (boots unavailable)
Stlth    ++........             (no amulet)
HPRegen  0.20/turn              f - +6 ring of intelligence
MPRegen  0.00/turn              i - ring of ice

@: flying
A: sickness immunity, fire resistance 2, cold vulnerability 1, float, innate
caster, hp casting, extra vitality 1
a: Renounce Religion, Stomp


You were on level 2 of the Lair of Beasts.
You worshipped Uskayaw.
Uskayaw was noncommittal.
You visited 3 branches of the dungeon, and saw 12 of its levels.
You also visited: Sewer and Ossuary.

You collected 517 gold pieces.
You spent 121 gold pieces at shops.

Inventory:

Hand Weapons
 a - a -3 triple sword of freezing
 b - a +0 vorpal hunting sling (weapon)
 l - a +0 dagger
 q - a +2 vorpal trident
 y - a +0 shortbow
 F - a +2 war axe of electrocution
Missiles
 c - 125 stones
 d - 41 bolts
 n - 97 arrows
 r - 12 sling bullets (quivered ammo)
 x - 8 boomerangs
 E - a throwing net
 J - a curare-tipped dart
 K - 7 javelins
Armour
 e - a +0 robe (worn)
 h - a +0 pair of gloves (worn)
 M - a +0 kite shield
Magical Staves
 s - a staff of cold
Jewellery
 f - a +6 ring of intelligence (left hand)
 i - a ring of ice (right hand)
 I - a ring of fire
Wands
 C - a wand of charming (3)
 D - a wand of digging (4)
 H - a wand of iceblast (4)
 L - a wand of flame (19)
 N - a wand of paralysis (9)
Scrolls
 g - a scroll of vulnerability
 m - 2 scrolls of blinking
 p - 2 scrolls of enchant armour {unknown}
 u - 3 scrolls of teleportation
 z - a scroll of enchant weapon {unknown}
Potions
 j - a potion of attraction
 k - a potion of might
 o - 2 potions of mutation
 t - 2 potions of lignification
 v - 2 potions of curing
 w - 2 potions of cancellation {unknown}
 A - a potion of flight {unknown}
 B - a potion of berserk rage {unknown}
 G - 2 potions of haste


   Skills:
 - Level 2.1 Dodging
 - Level 1.5 Stealth
 * Level 10.7 Spellcasting
 + Level 7.0 Invocations


You had 7 spell levels left.
You knew the following spells:

 Your Spells              Type           Power      Damage    Failure   Level
a - Ignite Poison         Fire/Tmut/Pois 64%        N/A       1%          3
i - Animate Dead          Necr           32%        N/A       1%          4
k - Agony                 Necr           64%        N/A       1%          5
l - Vampiric Draining     Necr           32%        2d10      1%          3
o - Animate Skeleton      Necr           100%       N/A       1%          1
p - Summon Small Mammal   Summ           100%       N/A       1%          1
q - Pain                  Necr           100%       1d9       1%          1
w - Slow                  Hex            64%        N/A       1%          2
x - Portal Projectile     Hex/Tloc       100%       N/A       1%          3
Your spell library was empty.

Dungeon Overview and Level Annotations

Branches:
Dungeon (9/15)             Temple (1/1) D:6            Lair (2/6) D:9
  Sewer (visited)         Ossuary (visited)
  Swamp: Lair:2-4    Shoals: Lair:2-4     Snake: Lair:2-4    Spider: Lair:2-4
    Orc: D:9-12

Altars:
Ashenzari
Cheibriados
Dithmenos
Elyvilon
Fedhas
Gozag
Hepliaklqana
Kikubaaqudgha
Makhleb
Nemelex Xobeh
Okawaru
Qazlal
Ru
Sif Muna
Trog
Uskayaw
Vehumet
Wu Jian
Xom
Yredelemnul
Zin
The Shining One

Shops:
D:5 ?*

Annotations:
D:8 Erica, Harold


Innate Abilities, Weirdness & Mutations

You are immune to sickness and miasma.
You are immune to poison.
Your flesh is very heat resistant. (rF++)
You are vulnerable to cold. (rC-)
You float through the air rather than walking.
You learn spells naturally, not from books.
Your magical power is your life essence.
You have superior vitality. (+4 HP)


Message History

You feel life coursing into your body.
* * * LOW HITPOINT WARNING * * *
You can now pass through a line of other dancers.
Your Invocations skill increases to level 7!
What are your orders? t - Shout!
Orders for allies: a - Attack new target. r - Retreat! s - Stop attacking. g - Guard the area. f - Follow me.
Anything else - Cancel.
Retreat in which direction?
Press: ? - help, Dir - move target Fall back!
Unknown command.
You see here a cane toad corpse.
You can no longer pass through a line of other dancers.
There is a stone staircase leading down here.
You fly downwards.
Found 8 gold pieces, 26 bolts and a scroll of vulnerability.
There is a stone staircase leading up here.
A wyvern comes into view.
The wyvern hisses angrily.
Found a stone staircase leading down.
Okay, then.
Okay, then.
Aiming: Paralyse
Press: ? - help, Shift-Dir - straight line, f - wyvern
Aim: a wyvern (chance to affect: 46%)
The wyvern resists with some effort.
Aiming: Paralyse
Press: ? - help, Shift-Dir - straight line, f/p - wyvern
Aim: a wyvern (chance to affect: 46%)
The wyvern resists with some effort.
The wyvern bites you.
* * * LOW HITPOINT WARNING * * *
Unknown command.
Aiming: Paralyse
Press: ? - help, Shift-Dir - straight line, f/p - wyvern
Aim: a wyvern (chance to affect: 46%)
The wyvern resists with some effort.
The wyvern bites you!
You die...

#..>....#
.......#
......#
.....# ....##
P...# #(.## .
#l..####..
##@........
#..........
#..........
#.#.<.......
..##.........
#..#
#.........
P..
#......... ..
$.........
##.........


You could see a wyvern.

Vanquished Creatures
  2 cane toads (Lair:1)
  A komodo dragon (D:9)
  A wyvern (D:9)
  4 water moccasins
  An orc warrior (D:7)
  A black bear (D:9)
  3 ice beasts
  2 sky beasts
  3 centaurs
  7 bullfrogs
  3 scorpions
  2 elf skeletons (D:5)
  9 killer bees
  8 howler monkeys (D:9)
  2 orc priests (D:7)
  A centaur skeleton (D:7)
  2 hounds (D:7)
  A jelly (D:7)
  A bullfrog skeleton (D:7)
  2 iguanas
  3 orc wizards
  7 mummies (Ossuary)
  A howler monkey zombie (D:8)
  10 adders
  4 gnolls (D:9)
  A howler monkey skeleton (D:7)
  A white imp (D:7)
  12 orcs
  2 ball pythons
  A bat (D:2)
  2 endoplasms (D:1)
  16 giant cockroaches
  A gnoll zombie (Ossuary)
  2 hobgoblins (D:1)
  8 kobolds
  5 quokkas
  5 frilled lizards
  4 goblins
  A hobgoblin zombie (Ossuary)
  An orc skeleton (D:5)
  2 orc zombies (Ossuary)
  A rat (D:1)
146 creatures vanquished.

Vanquished Creatures (collateral kills)
  A polar bear (Lair:1)
  Grinder (D:6)
  A water moccasin (D:9)
  A black bear (D:9)
  A kobold brigand (D:8)
  A gnoll sergeant (D:9)
  A scorpion (D:9)
  An elf skeleton (D:5)
  A water moccasin zombie (D:5)
  2 centaur zombies
  An orc priest (D:6)
  A human skeleton (D:5)
  A mummy (Ossuary)
  A gnoll (D:9)
  A howler monkey skeleton (D:7)
  A white imp (D:7)
  An adder skeleton (D:4)
  An endoplasm (D:2)
  A gnoll zombie (Ossuary)
  2 hobgoblin zombies (Ossuary)
  A kobold zombie (Ossuary)
  An orc skeleton (D:5)
24 creatures vanquished.

Vanquished Creatures (others)
  A water moccasin (Lair:1)
  38 fungi (D:9)
  39 plants
78 creatures vanquished.

Grand Total: 248 creatures vanquished

Notes
Turn   | Place    | Note
-------+----------+-------------------------------------------
     0 | D:1      | Spectrina the Djinni Necromancer began the quest for the
                  | Orb.
     0 | D:1      | Reached XP level 1. HP: 15/15 MP: 0/0
   161 | D:1      | Reached XP level 2. HP: 2/21 MP: 0/0
   629 | D:3      | Reached skill level 4 in Spellcasting
   629 | D:3      | Reached XP level 3. HP: 9/25 MP: 0/0
   629 | D:3      | Learned a level 1 spell: Summon Small Mammal
   842 | D:4      | Reached XP level 4. HP: 19/31 MP: 0/0
   949 | D:4      | Found a glowing drain.
   987 | Sewer    | Entered a sewer
  1086 | Sewer    | Reached XP level 5. HP: 26/35 MP: 0/0
  1086 | Sewer    | Learned a level 2 spell: Slow
  1196 | Sewer    | Noticed a bullfrog
  1201 | Sewer    | Killed a bullfrog
  1202 | Sewer    | Reached skill level 5 in Spellcasting
  1270 | D:4      | Reached XP level 6. HP: 38/40 MP: 0/0
  1288 | D:5      | Entered Level 5 of the Dungeon
  1288 | D:5      | Noticed an ice beast
  1293 | D:5      | Killed an ice beast
  1296 | D:5      | Reached skill level 6 in Spellcasting
  1433 | D:5      | Found Xorghuave's Magic Scroll Boutique.
  1446 | D:5      | Bought a scroll of teleportation for 36 gold pieces
  1446 | D:5      | Bought a scroll of noise for 12 gold pieces
  1446 | D:5      | Bought 3 scrolls of identify for 72 gold pieces
  1485 | D:5      | Reached XP level 7. HP: 23/45 MP: 0/0
  1485 | D:5      | Learned a level 3 spell: Portal Projectile
  1564 | D:5      | Found Litaet's Lightly-Used Armoury.
  1572 | D:5      | Bought a -3 triple sword for 1 gold piece
  1602 | D:5      | Found a sand-covered staircase.
  1653 | Ossuary  | Entered an ossuary
  2229 | D:6      | Noticed Grinder
  2237 | D:6      | Reached skill level 7 in Spellcasting
  2269 | D:6      | Reached XP level 8. HP: 13/50 MP: 0/0
  2396 | D:6      | Found a staircase to the Ecumenical Temple.
  2417 | Temple   | Entered the Ecumenical Temple
  2454 | Temple   | Became a worshipper of Uskayaw the Reveller
  2572 | D:7      | Reached * piety under Uskayaw
  2596 | D:7      | Reached skill level 1 in Invocations
  2659 | D:7      | Reached ** piety under Uskayaw
  2762 | D:7      | Reached *** piety under Uskayaw
  2852 | D:7      | Reached skill level 8 in Spellcasting
  2857 | D:7      | Reached **** piety under Uskayaw
  2878 | D:7      | Reached ***** piety under Uskayaw
  2879 | D:7      | Reached XP level 9. HP: 42/55 MP: 0/0
  2879 | D:7      | Learned a level 3 spell: Ignite Poison
  3159 | D:7      | Reached skill level 9 in Spellcasting
  3509 | D:8      | Noticed Erica
  3651 | D:6      | Killed Grinder
  3792 | D:8      | Noticed Harold
  3860 | D:9      | Reached skill level 5 in Invocations
  3913 | D:9      | Reached XP level 10. HP: 13/60 MP: 0/0
  3975 | D:9      | Reached skill level 10 in Spellcasting
  4008 | D:9      | Found a staircase to the Lair.
  4070 | D:9      | Noticed a komodo dragon
  4430 | D:9      | Killed a komodo dragon
  4459 | Lair:1   | Entered Level 1 of the Lair of Beasts
  4459 | Lair:1   | Noticed a cane toad
  4462 | Lair:1   | Killed a cane toad
  4502 | Lair:1   | Noticed a cane toad
  4516 | Lair:1   | Noticed a black mamba
  4516 | Lair:1   | Noticed a cane toad
  4579 | Lair:1   | Noticed a black mamba
  4589 | Lair:1   | Killed a cane toad
  4606 | Lair:2   | Mangled by a wyvern

Illustrated notes

Levels and vault maps discovered:
D:1:      mushboom_english_gardens, layout_basic
D:2:      layout_basic
D:3:      layout_loops_ring, st_stairs_12, hex_medium, uniq_jessica
D:4:      layout_loops_ring, gup_sewer_entry_pipe
D:5:      layout_cave_pods, mainiacjoe_overflow_small_starburst, serial_shops,
          nicolae_shop_crystal, nicolae_ossuary_entry_catacombs,
          minmay_shop_damaged
D:6:      layout_loops_ring, minmay_temple_entry_overgrown, minmay_three_doors,
          uniq_grinder
D:7:      layout_basic, minivault_14, minmay_joined_circles
D:8:      layout_gridville, gammafunk_ghost_berserking_beasts, uniq_maurice,
          uniq_harold, uniq_erica
D:9:      layout_cave_pools, due_lair_maze_entry_diamond
Temple:   dpeg_three_leaves_temple
Lair:1:   layout_cave_shapes
Lair:2:   layout_long_grid, guppyfry_snake_entry_island, guppyfry_lair_drakes

Skill      XL: |  1  2  3  4  5  6  7  8  9 10 |
---------------+-------------------------------+-----
Spellcasting   | 4 5 6 7 8 9 10 | 10.7
Invocations    | 3 5 7 |  7.0
Dodging        | |  2.1
Stealth        | |  1.5

Action                   |  1- 3 |  4- 6 |  7- 9 | 10-12 || total
-------------------------+-------+-------+-------+-------++-------
Melee: Dagger            |     3 |     6 |     5 |       ||    14
       Triple sword      |       |       |    15 |     8 ||    23
 Fire: Hunting sling     |    20 |    86 |   169 |    36 ||   311
Throw: Boomerang         |       |       |     2 |       ||     2
 Cast: Pain              |    23 |     1 |     3 |       ||    27
       Animate Skeleton  |     4 |     1 |       |     1 ||     6
       Vampiric Draining |     5 |    29 |    74 |    47 ||   155
       Summon Small Mamm |     3 |     5 |    67 |    13 ||    88
       Animate Dead      |       |     1 |     8 |     4 ||    13
       Portal Projectile |       |       |    22 |     2 ||    24
       Slow              |       |       |     4 |     1 ||     5
       Agony             |       |       |       |     1 ||     1
Evoke: Wand              |       |       |       |     7 ||     7
  Use: Potion            |     1 |       |     3 |     1 ||     5
       Scroll            |       |     6 |     7 |     1 ||    14
 Stab: Sleeping          |     2 |       |       |       ||     2
Armor: Robe              |     1 |    10 |    20 |    15 ||    46
       Skin              |       |       |       |     9 ||     9
Dodge: Dodged            |    12 |    23 |    50 |    28 ||   113
       Rpst.: Triple sword |       |       |     8 |     3 ||    11
